 Dungeon Crawl Stone Soup version 0.30.0-29-ga12c61a403 (webtiles) character file.

Game seed: 17863776976605774291

806 rddays123 the Chopper (level 7, -12/63 HPs)
             Began as a Hill Orc Fighter on June 9, 2023.
             Was an Initiate of Hepliaklqana.
             Mangled by an acid dragon (13 damage)
             ... on level 5 of the Dungeon on June 10, 2023.
             The game lasted 00:04:37 (3650 turns).

rddays123 the Chopper (Hill Orc Fighter)            Turns: 3650, Time: 00:04:38

Health: -12/63     AC:  4    Str: 21    XL:     7   Next: 91%
Magic:  7/7        EV:  9    Int:  8    God:    Hepliaklqana [......]
Gold:   230        SH:  5    Dex: 10    Spells: 6/6 levels left

rFire   . . .        a - +0 war axe
rCold   . . .        c - +0 buckler
rNeg    . . .        b - +0 scale mail
rPois   .            (no helmet)
rElec   .            (no cloak)
rCorr   .            j - +0 pair of gloves
SInv    .            (no boots)
Will    .....        (no amulet) Stlth
                     (no ring)
HPRegen 0.30/turn    (no ring)
MPRegen 0.10/turn

%: no passive effects
@: corroded
A: no striking features
a: Renounce Religion


You were on level 5 of the Dungeon.
You worshipped Hepliaklqana.
Hepliaklqana was noncommittal.
You visited 2 branches of the dungeon, and saw 6 of its levels.

You collected 230 gold pieces.

Inventory:

Hand Weapons
 a - a +0 war axe (weapon)
Armour
 b - a +0 scale mail (worn)
 c - a +0 buckler (worn)
 j - a +0 pair of gloves (worn)
 p - a +0 kite shield
Wands
 q - a wand of iceblast (5)
 r - a wand of charming (13)
Scrolls
 f - 2 scrolls of noise {unknown}
 g - 2 scrolls of fear {unknown}
 h - a scroll of summoning {unknown}
 i - a scroll of blinking {unknown}
 k - 2 scrolls of identify {unknown}
 m - a scroll of amnesia {unknown}
 s - a scroll of fog {unknown}
 u - 2 scrolls of enchant weapon {unknown}
 v - a scroll of poison {unknown}
Potions
 d - a potion of might
 e - 4 potions of heal wounds {unknown}
 l - a potion of lignification {unknown}
 n - 2 potions of mutation {unknown}
 o - 4 potions of curing {unknown}
 t - 2 potions of degeneration {unknown}


   Skills:
 + Level 6.2 Fighting
 + Level 6.2 Axes
 + Level 5.7 Armour
 + Level 5.6 Shields


You had 6 spell levels left.
You didn't know any spells.
Your spell library contained the following spells:

 Spells                   Type           Power      Damage    Failure   Level
 Apportation              Tloc           0%         N/A       80%         1
 Lesser Beckoning         Tloc           0%         N/A       90%         2
 Gell's Gravitas          Tloc           0%         N/A       99%         3
 Teleport Other           Tloc           0%         N/A       99%         3
 Tukima's Dance           Hex            0%         N/A       99%         3
 Passage of Golubria      Tloc           0%         N/A       100%        4
 Alistair's Intoxication  Tmut/Pois      0%         N/A       100%        5
 Yara's Violent Unravell  Hex/Tmut       0%         3d3       100%        5


Dungeon Overview and Level Annotations

Branches:
Dungeon (5/15)             Temple (1/1) D:4

Altars:
Cheibriados
Elyvilon
Fedhas
Gozag
Hepliaklqana
Kikubaaqudgha
Makhleb
Nemelex Xobeh
Okawaru
Qazlal
Ru
Sif Muna
Trog
Vehumet
Wu Jian
Xom
Zin
The Shining One

Annotations:
D:3 3 runed translucent doors, Grinder; epsilonplus's ghost, amateur TeHu; viagra's ghost, weakling MiBe
D:5 4 runed translucent doors


Message History

No target in view!
HP restored.
There is an open door here.
v - a scroll labelled XIUMUREHO A quokka and an acid dragon come into view.
The acid dragon roars!
The acid dragon spits acid at you. The splash of acid hits you!
The acid corrodes you!
The quokka moves out of view.
You hit the acid dragon.
The acid dragon is moderately wounded.
The acid dragon bites you!
The acid dragon claws you but does no damage.
You barely miss the acid dragon.
The acid dragon is moderately wounded.
The acid dragon spits acid at you. The splash of acid hits you!!
You hear an angry hiss.
You are too injured to fight recklessly!
You are too injured to fight recklessly!
You slash the acid dragon!
The acid dragon is heavily wounded.
The acid dragon bites you! You block the acid dragon's attack.
You hit the acid dragon but do no damage.
The acid dragon is heavily wounded.
The acid dragon bites you!
* * * LOW HITPOINT WARNING * * *
The acid dragon claws you.
* * * LOW HITPOINT WARNING * * *
You hit the acid dragon but do no damage.
The acid dragon is heavily wounded.
The acid dragon barely misses you.
The acid dragon claws you but does no damage.
The acid dragon bites you!
* * * LOW HITPOINT WARNING * * *
You block the acid dragon's attack.
You barely miss the acid dragon.
The acid dragon is heavily wounded.
The acid dragon bites you!
You die...

.# .# .+ .# # # #. #
.<###### # .....# +
######...# # #.rD@##..# #
#..###.#.## # # ##.#.#.#
##.# #.##.#.# ...# ##.#.#.#
##.# #...##.# # ..##
#'###..# ##...
######......#
.......##8(=8##.....#######


You could see an acid dragon and a quokka.

Vanquished Creatures
  A black bear (D:3)
  A phantom (D:5)
  A bullfrog (D:4)
  2 scorpions (D:4)
  2 hounds (D:5)
  An orc priest (D:4)
  A sleepcap (D:4)
  An iguana (D:5)
  2 orc wizards (D:4)
  7 gnolls
  6 adders
  3 ufetubi
  3 dart slugs
  16 orcs
  7 endoplasms
  3 giant cockroaches
  5 goblins
  8 hobgoblins
  4 jackals (D:2)
  A quokka (D:2)
  6 ball pythons
  2 bats
  A frilled lizard (D:3)
  8 kobolds
  2 rats
94 creatures vanquished.

Vanquished Creatures (others)
  An orc wizard (D:4)
1 creature vanquished.

Grand Total: 95 creatures vanquished

Notes
Turn   | Place    | Note
-------+----------+-------------------------------------------
     0 | D:1      | rddays123 the Hill Orc Fighter began the quest for the Orb.
     0 | D:1      | Reached XP level 1. HP: 19/19 MP: 1/1
   142 | D:1      | Reached XP level 2. HP: 20/27 MP: 2/2
   384 | D:1      | Reached XP level 3. HP: 10/33 MP: 3/3
   701 | D:2      | Reached XP level 4. HP: 15/40 MP: 4/4
   880 | D:2      | Found a blossoming altar of Fedhas.
  1126 | D:3      | Noticed a black bear
  1136 | D:3      | Killed a black bear
  1137 | D:3      | Reached XP level 5. HP: 9/47 MP: 5/5
  1380 | D:3      | Found a white marble altar of Elyvilon.
  1500 | D:3      | Found a runed translucent gate.
  1500 | D:3      | Found a runed translucent gate.
  1500 | D:3      | Found a runed translucent gate.
  1500 | D:3      | Noticed viagra's ghost (weakling MiBe)
  1501 | D:3      | Noticed epsilonplus's ghost (amateur TeHu)
  1610 | D:3      | Found a burning altar of Makhleb.
  1613 | D:3      | Found an iron altar of Okawaru.
  1614 | D:3      | Found a glowing silver altar of Zin.
  1615 | D:3      | Found a stormy altar of Qazlal.
  1644 | D:3      | Noticed Grinder
  1847 | D:4      | Reached skill level 5 in Fighting
  1847 | D:4      | Reached XP level 6. HP: 56/56 MP: 6/6
  1863 | D:4      | Reached skill level 5 in Axes
  2265 | D:4      | Found a staircase to the Ecumenical Temple.
  2272 | D:4      | Reached skill level 5 in Shields
  2276 | D:4      | Reached skill level 5 in Armour
  2278 | D:4      | Reached XP level 7. HP: 45/61 MP: 7/7
  2292 | Temple   | Entered the Ecumenical Temple
  2673 | Temple   | Became a worshipper of Hepliaklqana the Forgotten
  3019 | D:5      | Entered Level 5 of the Dungeon
  3553 | D:5      | Found a large runed translucent door.
  3555 | D:5      | Found a large runed translucent door.
  3562 | D:5      | Found a large runed translucent door.
  3562 | D:5      | Found a large runed translucent door.
  3563 | D:5      | Noticed a kobold demonologist
  3649 | D:5      | HP: 1/63 [acid dragon (9)]
  3650 | D:5      | Mangled by an acid dragon

Illustrated notes

Levels and vault maps discovered:
D:1:      mrwooster_arrival_statue, layout_rooms, chequers_serial_rivers_micro_a
D:2:      layout_rooms, basic_altar, grunt_ministairs_9
D:3:      layout_basic, nicolae_elyvilon_temple_path,
          mainiacjoe_overflow_alcove_3, gammafunk_ghost_cemetery,
          shapermc_ecumenical_altar_notcrosses, uniq_grinder
D:4:      layout_loops_ring, minmay_temple_entry_arrows
D:5:      layout_gridville, minmay_hollow_rounded_squares
Temple:   nicolae_temple_figure_eight

Skill      XL: |  1  2  3  4  5  6  7 |
---------------+----------------------+-----
Axes           | 3 4 5 6 |  6.2
Fighting       | 4 5 6 |  6.2
Armour         | 4 5 |  5.7
Shields        | 4 5 |  5.6

Action                     |  1- 3 |  4- 6 |  7- 9 || total
---------------------------+-------+-------+-------++-------
  Melee: War axe           |    71 |   126 |    64 ||   261
 Armour: Scale mail        |    39 |    66 |    29 ||   134
  Dodge: Dodged            |    36 |    82 |    31 ||   149
  Block: Buckler           |    28 |    28 |    25 ||    81
